 Dungeon Crawl Stone Soup version 0.18-b1-23-gf76aad1 (webtiles) character file.

89 LORDOFBUTT the Cudgeler (level 4, 0/41 HPs)
             Began as a Minotaur Berserker on May 4, 2016.
             Was a Priest of Trog.
             Slain by a hobgoblin
             ... wielding a +0 club
             ... led by Robin
              (1 damage)
             ... on level 3 of the Dungeon.
             The game lasted 00:01:49 (1859 turns).

LORDOFBUTT the Cudgeler (Minotaur Berserker)        Turns: 1859, Time: 00:01:49

Health: 0/41       AC:  2    Str: 21    XL:     4   Next: 31%
Magic:  3/3        EV:  7    Int:  4    God:    Trog [***...]
Gold:   20         SH:  0    Dex: 11    Spells: 0 memorised, 3 levels left

rFire  . . .     SeeInvis .     a - +0 mace
rCold  . . .     Gourm    .     b - +0 animal skin
rNeg   . . .     Faith    .     (no shield)
rPois  .         Spirit   .     (helmet restricted)
rElec  .         Dismiss  .     (no cloak)
rCorr  .         Reflect  .     (no gloves)
SustAt .         Harm     .     (no boots)
MR     .....                    (no amulet)
Stlth  +.........               (no ring)
                                (no ring)

@: exhausted, slowed, very slow, not resistant to hostile enchantments, very
unstealthy
A: retaliatory headbutt, horns 2
a: Berserk, Trog's Hand, Burn Spellbooks, Renounce Religion


You were on level 3 of the Dungeon.
You worshipped Trog.
Trog was most pleased with you.
You were hungry.

You visited 1 branch of the dungeon, and saw 3 of its levels.

You collected 20 gold pieces.

Inventory:

Hand Weapons
 a - a +0 mace (weapon)
Armour
 b - a +0 animal skin (worn)
Jewellery
 d - a cursed amulet of inaccuracy {unknown}
Scrolls
 g - a scroll of identify {unknown}
 h - a scroll of remove curse {unknown}
 j - 2 scrolls of recharging {unknown}
 k - a scroll of immolation {unknown}
 l - a scroll of random uselessness {unknown}
 m - a scroll of magic mapping {unknown}
Potions
 e - 2 potions of lignification {unknown}
 i - 3 potions of brilliance {unknown}
 n - 2 potions of degeneration {unknown}
Comestibles
 c - 3 bread rations
 f - 4 meat rations


   Skills:
 - Level 4.6 Fighting
 + Level 5.3 Maces & Flails
 - Level 2.5 Armour
 - Level 2.5 Dodging


You had 3 spell levels left.
You didn't know any spells.

Dungeon Overview and Level Annotations

Branches:
Dungeon (3/15)

Altars:
Nemelex Xobeh


Innate Abilities, Weirdness & Mutations

You reflexively headbutt those who attack you in melee.
You have a pair of horns on your head.


Message History

You hit the hobgoblin.
You kill the hobgoblin!
Trog accepts your kill. The hobgoblin hits you with a club.
* * * LOW HITPOINT WARNING * * *
The hobgoblin hits you with a club.
* * * LOW HITPOINT WARNING * * *
You barely miss the hobgoblin.
You are no longer berserk.
You are exhausted.
You feel yourself slow down.
You are feeling hungry.
The hobgoblin hits you.
* * * LOW HITPOINT WARNING * * *
The hobgoblin closely misses you.
The hobgoblin hits you but does no damage.
The hobgoblin hits you.
* * * LOW HITPOINT WARNING * * *
The hobgoblin hits you with a club.
You die...

#. #.####
#....#
#....#####
#........#
........#
#)g.....#
#@g......
#)g.##...
.......
......#...
....##.#
#. ####.#
.# #.# #
#.#


You could see 3 hobgoblins.

Vanquished Creatures
  Robin (D:3)
  A worm (D:2)
  2 dart slugs (D:1)
  2 giant geckos
  2 giant cockroaches (D:2)
  9 hobgoblins
  4 jackals (D:2)
  9 kobolds
  A quokka (D:3)
  A ball python (D:1)
  7 bats
  4 giant newts
  15 goblins
  8 rats
66 creatures vanquished.

Notes
Turn   | Place    | Note
--------------------------------------------------------------
     0 | D:1      | LORDOFBUTT the Minotaur Berserker began the quest for the Orb.
     0 | D:1      | Reached XP level 1. HP: 19/19 MP: 0/0
   361 | D:1      | Reached XP level 2. HP: 27/27 MP: 1/1
   471 | D:1      | Reached skill level 4 in Maces & Flails
   606 | D:1      | Reached XP level 3. HP: 25/34 MP: 2/2
   844 | D:2      | Reached ** piety under Trog
   978 | D:2      | Found a sparkling altar of Nemelex Xobeh.
  1844 | D:3      | Noticed Robin
  1849 | D:3      | Reached XP level 4. HP: 41/41 MP: 3/3
  1849 | D:3      | Reached skill level 5 in Maces & Flails
  1852 | D:3      | Killed Robin
  1854 | D:3      | Reached *** piety under Trog
  1859 | D:3      | HP: 1/41 [hobgoblin[Robin] (3)]
  1859 | D:3      | Slain by a hobgoblin

Skill      XL: |  1  2  3  4 |
---------------+-------------+-----
Fighting       | 4 |  4.6
Maces & Flails | 4 5 |  5.3
Armour         | |  2.5
Dodging        | |  2.5

Action                   |  1- 3 |  4- 6 || total
-------------------------+-------+-------++-------
Melee: Mace              |   104 |     9 ||   113
       Headbutt          |    11 |     1 ||    12
Invok: Berserk           |     2 |       ||     2
 Stab: Sleeping          |     2 |       ||     2
  Eat: Bread ration      |     1 |       ||     1
Armor: Animal skin       |    21 |     1 ||    22
Dodge: Dodged            |    77 |    12 ||    89
